 Dungeon Crawl Stone Soup version 0.29-a0-270-g1586fc07ea (webtiles) character file.

Game seed: 7576472600860455437

49 testman the Grave Robber (level 3, 0/24 HPs)
             Began as a Demonspawn Necromancer on Mar 7, 2022.
             Was a Plaything of Xom.
             Killed from afar by Crazy Yiuf (14 damage)
             ... with a puff of flame
             ... on level 2 of the Dungeon.
             The game lasted 00:05:06 (2066 turns).

testman the Grave Robber (Demonspawn Necromancer)   Turns: 2066, Time: 00:05:06

Health: 0/24       AC:  2    Str:  8    XL:     3   Next: 53%
Magic:  4/7        EV: 12    Int: 18    God:    Xom [..*...]
Gold:   50         SH:  0    Dex: 13    Spells: 6/7 levels left

rFire   . . .      SeeInvis .   g - +0 short sword
rCold   . . .      Faith    .   (no shield)
rNeg    . . .      Spirit   .   a - +0 robe
rPois   .          Reflect  .   (no helmet)
rElec   .          Harm     .   (no cloak)
rCorr   .          Rampage  .   (no gloves)
Will    .....                   (no boots)
Stlth   ++........              (no amulet)
HPRegen 0.08/turn               (no ring)
MPRegen 0.10/turn               (no ring)

@: no status effects
A: demonic magic 1
a: Renounce Religion


You were on level 2 of the Dungeon.
You worshipped Xom.
You were a toy of Xom.
You visited 1 branch of the dungeon, and saw 2 of its levels.

You collected 50 gold pieces.

Inventory:

Hand Weapons
 g - a +0 short sword (weapon)
Missiles
 c - 55 stones
 i - 2 poisoned darts
 j - 3 boomerangs
Armour
 a - a +0 robe (worn)
Scrolls
 d - a scroll of fear {unknown}
 e - 2 scrolls of immolation {unknown}
 h - a scroll of amnesia {unknown}
 l - a scroll of summoning {unknown}
Potions
 b - a potion of magic
 f - a potion of curing
 k - a potion of ambrosia {unknown}


   Skills:
 + Level 0.0 Fighting
 - Level 1.7 Dodging
 - Level 1.7 Stealth
 + Level 2.9 Spellcasting
 + Level 5.2 Necromancy


You had 6 spell levels left.
You knew the following spells:

 Your Spells              Type           Power      Damage    Failure   Level
a - Pain                  Necr           84%        1d8       1%          1

Your spell library contained the following spells:

 Spells                   Type           Power      Damage    Failure   Level
 Animate Skeleton         Necr           42%        N/A       1%          1
 Vampiric Draining        Necr           21%        2d7       6%          3
 Shock                    Conj/Air       8%         1d3       17%         1
 Animate Dead             Necr           10%        N/A       19%         4
 Ignite Poison            Fire/Tmut/Pois 2%         N/A       45%         3
 Mephitic Cloud           Conj/Pois/Air  2%         N/A       45%         3
 Swiftness                Air            2%         N/A       45%         3
 Agony                    Necr           21%        N/A       47%         5
 Airstrike                Air            1%         N/A       86%         4
 Freezing Cloud           Conj/Ice/Air   1%         6-21      99%         5


Dungeon Overview and Level Annotations

Branches:
Dungeon (2/15)

Altars:
Xom

Annotations:
D:2 Crazy Yiuf


Innate Abilities, Weirdness & Mutations

Spells you cast may paralyse adjacent enemies.


Message History

There is an open door here.
There is an open door here.
Found a mace.
Found a runed translucent door.
You open the door.
Crazy Yiuf shouts!
Crazy Yiuf zaps a wand.
The puff of flame hits you!
A shower of butterflies erupts from you!
Crazy Yiuf is nearby!
Crazy Yiuf hits your butterfly with a +4 quarterstaff of chaos!
Crazy Yiuf freezes your butterfly.
Your butterfly dies!
Your butterfly disappears in a puff of smoke!
Crazy Yiuf completely misses your butterfly.
You swap places.
Crazy Yiuf says, "Buddy alas tea!"
Crazy Yiuf hits your butterfly with a +4 quarterstaff of chaos!
Your butterfly dies!
Your butterfly disappears in a puff of smoke!
Aiming: Pain (safe; 1% risk of failure)
Press: ? - help, Q - select action, (/) - cycle Shift-Dir - straight line, f - Crazy Yiuf
Aim: Crazy Yiuf, wielding a +4 quarterstaff of chaos, wearing a +0 cloak and carrying a wand of flame (19) (ally target, chance to affect: 85%) Crazy Yiuf writhes in agony.
Malevolent energies surge around you.
Aiming: Pain (safe; 1% risk of failure)
Press: ? - help, Q - select action, (/) - cycle Shift-Dir - straight line, f/p - Crazy Yiuf
Aim: Crazy Yiuf, wielding a +4 quarterstaff of chaos, wearing a +0 cloak and carrying a wand of flame (19) (moderately wounded, ally target, chance to affect: 85%) Crazy Yiuf writhes in agony.
Malevolent energies surge around you.
Crazy Yiuf drinks a potion.
Crazy Yiuf is healed!
Aiming: Pain (safe; 1% risk of failure)
Press: ? - help, Q - select action, (/) - cycle Shift-Dir - straight line, f/p - Crazy Yiuf
Aim: Crazy Yiuf, wielding a +4 quarterstaff of chaos, wearing a +0 cloak and carrying a wand of flame (19) (moderately wounded, ally target, chance to affect: 85%) Crazy Yiuf writhes in agony.
Malevolent energies surge around you.
You hit Crazy Yiuf.
Crazy Yiuf is heavily wounded.
Crazy Yiuf drinks a potion.
Crazy Yiuf is healed!
You hit Crazy Yiuf.
Crazy Yiuf is moderately wounded.
Crazy Yiuf laughs, "Sif Muna tea hand!"
Crazy Yiuf zaps a wand.
The puff of flame hits you!
Ouch! That really hurt!
You die...

.'............'............>.....
##..........###....####..........
#..........# #....# ######.....
##.........## ♣....♣ #.....
.'.........# ♣...♣♣ #.#+#.
##.........# ♣♣.♣♣ ######.#.#.
#####.....## ♣.♣♣ #......#...
#......# ♣♣b♣ ##.......##
####...# ♣@♣♣ ##.######## ##..#
♣♣g♣ #.......... #..# #'#
##.#....... #####.#


b.b #.#.###... #######.....# #...# ##.#.#..... ......'.....# #..)# #..#.#.....
#######.....# ##### ####.#.#... #.....# #.....#... ####### #.#.#.###. You could
see Crazy Yiuf (ally target).

Vanquished Creatures
  2 adders (D:2)
  A worm (D:2)
  5 ball pythons
  2 endoplasms (D:1)
  3 giant cockroaches
  5 hobgoblins
  2 kobolds (D:1)
  3 quokkas (D:1)
  2 bats
  A rat (D:2)
26 creatures vanquished.

Notes
Turn   | Place    | Note
-------+----------+-------------------------------------------
     0 | D:1      | testman the Demonspawn Necromancer began the quest for the
                  | Orb.
     0 | D:1      | Reached XP level 1. HP: 13/13 MP: 3/3
   561 | D:1      | Gained mutation: Spells you cast may paralyse adjacent
                  | enemies. [demonic ancestry]
   561 | D:1      | Reached XP level 2. HP: 18/19 MP: 3/5
   757 | D:1      | Found a faded altar of an unknown god.
   765 | D:1      | Prayed at the altar of an unknown god.
   765 | D:1      | Became a worshipper of Xom of Chaos
   882 | D:1      | XOM: butterfly on damage
  1408 | D:2      | Reached skill level 5 in Necromancy
  1408 | D:2      | Reached XP level 3. HP: 22/24 MP: 4/7
  1713 | D:2      | XOM: noise
  1766 | D:2      | XOM is BORED!
  1766 | D:2      | XOM: silly message
  1874 | D:2      | XOM: divination: detect creatures
  2052 | D:2      | Found a runed translucent door.
  2053 | D:2      | Noticed Crazy Yiuf
  2056 | D:2      | XOM: butterfly on damage
  2066 | D:2      | Killed from afar by Crazy Yiuf

Illustrated notes

Levels and vault maps discovered:
D:1:      dpeg_arrival_three_bigger_balls, layout_basic, basic_ecumenical_altar,
          minmay_shallow_snake_nest
D:2:      layout_basic, minmay_misc_feat_ornament,
          minmay_randomly_rotated_circles, uniq_crazy_yiuf_cottage

Skill      XL: |  1  2 |
---------------+-------+-----
Necromancy     | 5 |  5.2
Dodging        | |  1.7
Stealth        | |  1.7
Spellcasting   | |  2.9

Action                   || total
-------------------------++-------
Melee: Unarmed           ||    10
       Short sword       ||    33
       Punch             ||     1
 Cast: Pain              ||    37
 Stab: Sleeping          ||     4
       Paralysed         ||     3
Armor: Robe              ||     9
Dodge: Dodged            ||    20

Table legend: (Time is in decaauts)
 A = Elapsed time spent in this place.
 B = Non-inter-level travel time spent in this place.
 C = Inter-level travel time spent in this place.
 D = Time resting spent in this place.
 E = Time spent auto-exploring this place.
 F = Levels seen in this place.
 G = Mean time per level.
                   A        B        C        D        E       F      G
               +--------+--------+--------+--------+--------+-----+--------+
         Total |   2068 |   2043 |     25 |    438 |   1380 |   2 | 1034.0 |
       Dungeon |   2068 |   2043 |     25 |    438 |   1380 |   2 | 1034.0 |
               +--------+--------+--------+--------+--------+-----+--------+

Top non-repeatable levels by time:
     D:1: 1304 daAuts
     D:2: 764 daAuts
